 Dungeon Crawl Stone Soup version 0.28-a0-268-g3f656e82c2 (webtiles) character file.

Game seed: 13343369063421791965

1 ytrimaz the Charlatan (level 1, 13/13 HPs)
             Began as an Octopode Artificer on Aug 28, 2021.
             Quit the game on level 1 of the Dungeon.
             The game lasted 00:01:34 (33 turns).

ytrimaz the Charlatan (Octopode Artificer)            Turns: 33, Time: 00:01:35

Health: 13/13      AC:  1    Str: 11    XL:     1   Next: 20%
Magic:  1/1        EV: 13    Int: 13    God:
Gold:   0          SH:  0    Dex: 12    Spells: 0/0 levels left

rFire   . . .      SeeInvis .   a - +0 club
rCold   . . .      Faith    .   (no shield)
rNeg    . . .      Spirit   .   (helmet restricted)
rPois   .          Reflect  .   (no amulet)
rElec   .          Harm     .   (no ring)
rCorr   .          Rampage  .   (no ring)
Will    .....                   (no ring)
Stlth   +++.......              (no ring)
HPRegen 0.04/turn               (no ring)
MPRegen 0.07/turn               (no ring)
                                (no ring)
                                (no ring)

@: no status effects
A: almost no armour, amphibious, 8 rings, camouflage 1, gelatinous body 1,
(nimble swimmer 1), tentacles
a: no special abilities


You were on level 1 of the Dungeon.
You visited 1 branch of the dungeon, and saw 1 of its levels.

Inventory:

Hand Weapons
 a - a +0 club (weapon)
Wands
 b - a wand of flame (15) (quivered)
 c - a wand of charming (15)
Miscellaneous
 d - a piece from Xom's chessboard (14/15)


   Skills:
 + Level 1.0 Fighting
 + Level 2.4 Dodging
 + Level 1.3 Stealth
 + Level 3.2 Evocations


You couldn't memorise any spells.
You didn't know any spells.
Your spell library was empty.

Dungeon Overview and Level Annotations

Branches:
Dungeon (1/15)

Altars:


Innate Abilities, Weirdness & Mutations

You cannot wear most types of armour.
You are amphibious.
You can wear up to eight rings at the same time.
Your skin changes colour to match your surroundings (Stealth+).
Your rubbery body absorbs attacks. (AC +1, EV +1)
((You are camouflaged near water. (Stealth+)))
You have tentacles for arms and can constrict up to eight enemies at once.


Message History

Press ? for a list of commands and other information.
Found a scroll labelled TAUCSU ISUSCHY.
Found a staircase leading out of the dungeon.
Unknown command.
Save game and exit? [Y]es or [N]o only, please.
Save game and exit?
Okay, then.
You are a level 1 Octopode Artificer.
You are 0% of the way to level 2.
Play time: 00:00:13 (0 turns).
Zot will find you in 6000 turns if you stay in this branch and explore no new floors.
You don't know any spells.
Save game and exit?
Okay, then.
Unknown command.
You don't know any spells.
You make a move on Xom's chessboard...
Nothing appears to happen.
Found a hand axe.
Found a stone staircase leading down.
There is a stone staircase leading down here.
A hobgoblin comes into view.
The helpless hobgoblin fails to defend itself.
You hit the hobgoblin.
You kill the hobgoblin!
You see here a hobgoblin corpse.
Unknown command.
You aren't wearing any rings or amulets.
You aren't carrying any wearable armour.
No item to drop.
There's nothing to close nearby.
Okay, then.
Okay, then.
(D) Dungeon
Where to? (? - help)
Okay, then.
You aren't carrying any such object.
Save game and exit?
Okay, then.
Sorry, you're not good enough to have a special ability.
You aren't carrying any potions.
Are you sure you want to abandon this character and quit the game? (Confirm with "yes".)

... ..# #^# ####
#+# #.# #.. #.# #.#
#.## .
#)####.######..##
..
##>...............
#.
#..####+######...#
..
##@####........#.##
#.
#...†..........###
#..#..####........
#.....# ......
#...### ...... #...
...... #... #...
....


There were no monsters in sight!

Vanquished Creatures
  A hobgoblin (D:1)
1 creature vanquished.

Notes
Turn   | Place    | Note
-------+----------+-------------------------------------------
     0 | D:1      | ytrimaz the Octopode Artificer began the quest for the Orb.
     0 | D:1      | Reached XP level 1. HP: 13/13 MP: 1/1
    33 | D:1      | Quit the game

Illustrated notes

Levels and vault maps discovered:
D:1:      dpeg_arrival_arbitrary_b, layout_basic, basic_ecumenical_altar,
          minmay_hexomino_f4

Action                   || total
-------------------------++-------
Melee: Club              ||     1
Evoke: Piece from Xom's  ||     1
 Stab: Sleeping          ||     1

Table legend: (Time is in decaauts)
 A = Elapsed time spent in this place.
 B = Non-inter-level travel time spent in this place.
 C = Inter-level travel time spent in this place.
 D = Time resting spent in this place.
 E = Time spent auto-exploring this place.
 F = Levels seen in this place.
 G = Mean time per level.
                   A        B        C        D        E       F      G
               +--------+--------+--------+--------+--------+-----+--------+
         Total |     33 |     33 |      0 |      0 |      0 |   1 |   33.0 |
       Dungeon |     33 |     33 |      0 |      0 |      0 |   1 |   33.0 |
               +--------+--------+--------+--------+--------+-----+--------+

Top non-repeatable levels by time:
     D:1: 33 daAuts
